 Dungeon Crawl Stone Soup version 0.21-a0-450-gd87a9b2 (webtiles) character file.

7809 Laiders the Severer (level 11, -2/141 HPs)
             Began as a Hill Orc Fighter on Nov 19, 2017.
             Was a Believer of Nemelex Xobeh.
             Slain by Snorg (12 damage)
             ... on level 10 of the Dungeon on Nov 20, 2017.
             The game lasted 00:33:23 (9788 turns).

Laiders the Severer (Hill Orc Fighter)              Turns: 9788, Time: 00:33:23

Health: -2/141     AC: 21    Str: 30    XL:     11   Next: 21%
Magic:  14/14      EV:  7    Int:  8    God:    Nemelex Xobeh [**....]
Gold:   463        SH:  0    Dex: 16    Spells: 10/10 levels left

rFire    + . .     SeeInvis .   T - +0 battleaxe (vamp)
rCold    . . .     Gourm    .   (shield currently unavailable)
rNeg     . . .     Faith    .   L - +0 plate armour
rPois    +         Spirit   .   N - +1 helmet
rElec    .         Reflect  .   A - +2 cloak "Kuzel" {-Tele rPois rF+ Dex+6}
rCorr    .         Harm     .   (no gloves)
MR       .....     NoTele   +   x - +1 pair of boots
Stlth    ..........             (no amulet)
HPRegen  0.33/turn              K - ring of poison resistance
MPRegen  0.14/turn              Q - +2 ring of strength

@: berserking, very quick
A: no striking features
a: Renounce Religion


You were on level 10 of the Dungeon.
You worshipped Nemelex Xobeh.
Nemelex Xobeh was pleased with you.
You were not hungry.

You visited 1 branch of the dungeon, and saw 10 of its levels.
You also visited: Ossuary.

You collected 463 gold pieces.

Inventory:

Hand Weapons
 T - a +0 vampiric battleaxe (weapon)
Missiles
 r - 15 tomahawks (quivered)
Armour
 c - a +0 shield
 i - a +0 cloak
 x - a +1 pair of boots (worn)
 A - the +2 cloak "Kuzel" (worn) {-Tele rPois rF+ Dex+6}
   (You found it on level 7 of the Dungeon)

   It affects your dexterity (+6).
   It protects you from fire.
   It protects you from poison.
   It prevents most forms of teleportation.
 L - a +0 plate armour (worn)
 N - a +1 helmet (worn)
Jewellery
 K - a ring of poison resistance (left hand)
 Q - a +2 ring of strength (right hand)
Wands
 e - a wand of acid (8/15)
 o - a wand of iceblast (5/15)
 s - a wand of random effects (35/48)
 S - a wand of polymorph (4/24)
Scrolls
 h - 2 scrolls of fog
 m - a scroll of remove curse
 p - 2 scrolls of magic mapping
 t - 7 scrolls of teleportation
 B - a scroll of blinking
 C - a scroll of amnesia {unknown}
 G - a scroll of random uselessness {unknown}
 I - 4 scrolls of identify
 J - a scroll of noise {unknown}
 O - a scroll of enchant weapon {unknown}
Potions
 b - 6 potions of curing
 d - 5 potions of might
 j - a potion of brilliance {unknown}
 l - a potion of mutation {unknown}
 n - 2 potions of heal wounds
 u - 6 potions of flight
 v - 2 potions of haste
 w - 2 potions of agility
 D - 2 potions of ambrosia
 E - 2 potions of invisibility
 F - a potion of lignification {unknown}
 H - a potion of berserk rage
Books
 a - a book of Spatial Translocations

   Spells                             Type                      Level
   a - Blink                          Translocation                2
   b - Shroud of Golubria             Charms/Translocation         2
   c - Lesser Beckoning               Translocation                3
   d - Gell's Gravitas                Translocation                3
   e - Teleport Other                 Translocation                3
   f - Passage of Golubria            Translocation                4
 q - a book of Conjurations

   Spells                             Type                      Level
   a - Magic Dart                     Conjuration                  1
   b - Searing Ray                    Conjuration                  2
   c - Dazzling Spray                 Conjuration/Hexes            3
   d - Fulminant Prism                Conjuration/Hexes            4
   e - Force Lance                    Conjuration/Translocation    4
   f - Iskenderun's Mystic Blast      Conjuration                  4
 y - a book of Geomancy

   Spells                             Type                      Level
   a - Sandblast                      Earth                        1
   b - Passwall                       Transmutation/Earth          2
   c - Stone Arrow                    Conjuration/Earth            3
   d - Petrify                        Transmutation/Earth          4
   e - Lee's Rapid Deconstruction     Earth                        5
Miscellaneous
 z - a plain deck of destruction {drawn: 2}
 M - a plain deck of destruction
 P - an ornate deck of destruction
Comestibles
 f - 9 bread rations
 g - 6 royal jellies
 k - 6 meat rations
 R - 4 chunks of flesh


   Skills:
 + Level 8.1 Fighting
 - Level 16.0 Axes
 + Level 7.3 Armour
 - Level 6.0 Shields
 + Level 4.7 Invocations
 + Level 3.4 Evocations


You had 10 spell levels left.
You didn't know any spells.

Dungeon Overview and Level Annotations

Branches:
Dungeon (10/15)            Temple (0/1) D:4            Lair (0/6) D:9
    Orc: D:9-12

Altars:
Dithmenos
Fedhas
Hepliaklqana
Kikubaaqudgha
Nemelex Xobeh
Ru
Trog
Uskayaw
Vehumet

Shops:
D:6 (

Annotations:
D:10 Snorg


Message History

* * * LOW HITPOINT WARNING * * *
Snorg claws you.
* * * LOW HITPOINT WARNING * * *
Snorg claws you but does no damage. Snorg bites you.
* * * LOW HITPOINT WARNING * * *
Snorg barely misses you. x2
A red film seems to cover your vision as you go berserk!
You feel yourself moving faster!
You feel mighty! Snorg bites you but does no damage.
Snorg claws you but does no damage. x2
You barely miss Snorg.
Snorg is lightly wounded.
Snorg barely misses you. Snorg claws you!
* * * LOW HITPOINT WARNING * * *
Snorg claws you!
* * * LOW HITPOINT WARNING * * *
You slice Snorg!!
You feel better.
Snorg is moderately wounded.
Snorg barely misses you. Snorg claws you!
You die...
Your body glows slightly and disappears.

#.<#.# ####.#
#...)#######
#.#........#
#######.#.######.#
........#.# #.#
#########.# #.#
#.# ###.# #.#
#.T@# #.. #.###
... .... .....
######## ....
.......# ##..
######.# .# #.##


You could see Snorg (berserk).

Vanquished Creatures
  A two-headed ogre (D:10)
  Nergalle (D:10)
  An unseen horror (D:10)
  Pikel (D:6)
  Maurice (D:8)
  Psyche (D:8)
  A komodo dragon (D:10)
  A hippogriff (D:9)
  A spriggan (D:7)
  A yak (D:9)
  A shadow (D:8)
  A basilisk (D:9)
  A hungry ghost (D:8)
  A soldier ant (D:10)
  2 black bears
  4 ice beasts
  2 orc warriors
  A phantom (D:9)
  A boggart (shapeshifter) (D:8)
  4 ogres
  2 centaurs
  A crocodile (D:9)
  3 elf zombies (Ossuary)
  2 bullfrogs
  A wyvern skeleton (D:7)
  2 scorpions
  5 wights (D:7)
  A vampire bat (D:6)
  3 howler monkeys
  5 crimson imps
  A bullfrog zombie (D:9)
  3 centaur zombies (Ossuary)
  A human zombie (Ossuary)
  3 hounds
  4 jellies
  2 orc priests
  A bullfrog skeleton (D:9)
  A centaur skeleton (D:8)
  9 orc wizards
  2 iguanas
  5 worker ants
  2 big kobold zombies (Ossuary)
  3 hound zombies
  2 hound skeletons
  2 mummies (Ossuary)
  A worker ant zombie (D:9)
  Robin (D:2)
  A howler monkey skeleton (D:5)
  5 adders
  3 gnolls (D:3)
  3 shadow imps
  An adder zombie (D:6)
  A worm (D:3)
  4 leopard geckos
  26 orcs
  3 giant cockroaches
  13 goblins (D:2)
  7 hobgoblins
  7 jackals
  A quokka (D:6)
  3 ball pythons
  11 bats
  4 frilled lizards
  11 hobgoblin zombies (Ossuary)
  6 kobolds
  9 kobold zombies (Ossuary)
  A leopard gecko skeleton (D:5)
  6 orc zombies (Ossuary)
  A quokka skeleton (D:7)
  7 rats
  2 rat zombies (Ossuary)
232 creatures vanquished.

Vanquished Creatures (others)
  A vampire bat (D:6)
  2 bats (D:6)
3 creatures vanquished.

Grand Total: 235 creatures vanquished

Notes
Turn   | Place    | Note
-------+----------+-------------------------------------------
     0 | D:1      | Laiders the Hill Orc Fighter began the quest for the Orb.
     0 | D:1      | Reached XP level 1. HP: 19/19 MP: 1/1
   102 | D:1      | Reached skill level 3 in Axes
   710 | D:1      | Reached XP level 2. HP: 26/26 MP: 2/2
   911 | D:2      | Reached skill level 4 in Axes
  1097 | D:2      | Noticed Robin
  1101 | D:2      | Reached XP level 3. HP: 17/31 MP: 3/3
  1106 | D:2      | Killed Robin
  1106 | D:2      | Reached skill level 5 in Axes
  1637 | D:2      | Reached XP level 4. HP: 37/39 MP: 4/4
  1990 | D:3      | Reached skill level 6 in Axes
  2186 | D:3      | Reached XP level 5. HP: 45/45 MP: 5/5
  2510 | D:4      | You fall through a shaft for 3 floors!
  2566 | D:7      | Reached skill level 7 in Axes
  2567 | D:7      | Noticed an ogre
  2577 | D:7      | Reached skill level 8 in Axes
  2577 | D:7      | Reached XP level 6. HP: 16/51 MP: 6/6
  2663 | D:6      | Reached skill level 9 in Axes
  2672 | D:5      | Entered Level 5 of the Dungeon
  2944 | D:5      | Reached XP level 7. HP: 53/57 MP: 7/7
  2969 | D:5      | Reached skill level 10 in Axes
  3228 | D:5      | Reached skill level 11 in Axes
  3780 | D:6      | Noticed Pikel
  3808 | D:6      | Killed Pikel
  3808 | D:6      | Reached skill level 12 in Axes
  3808 | D:6      | Reached XP level 8. HP: 48/64 MP: 8/8
  3819 | D:6      | Found the +4 Vampire's Tooth {vamp}
  3870 | D:6      | Found Kalokint's Weapon Emporium.
  3923 | D:6      | Found a hide-covered altar of Uskayaw.
  3961 | D:6      | Reached skill level 13 in Axes
  4359 | D:6      | Got an encrusted ring mail
  4835 | D:7      | Identified the +5 ring mail of Waffojoj {-Tele +Fly Str-5 Int+4 SInv} (You found it on level 6 of the Dungeon)
  4889 | D:7      | Reached skill level 14 in Axes
  4889 | D:7      | Reached XP level 9. HP: 49/70 MP: 9/9
  5270 | D:7      | Got a shimmering cloak
  5281 | D:7      | Identified the +2 cloak "Kuzel" {-Tele rPois rF+ Dex+6} (You found it on level 7 of the Dungeon)
  5813 | D:8      | Found a transporter.
  5820 | D:8      | Found a transporter.
  5828 | D:8      | Found a bloodstained altar of Trog.
  5829 | D:8      | Found a sparkling altar of Nemelex Xobeh.
  5829 | D:8      | Found a blossoming altar of Fedhas.
  5896 | D:8      | Found a hazy altar of Hepliaklqana.
  5924 | D:8      | Found a sacrificial altar of Ru.
  5976 | D:8      | Reached skill level 15 in Axes
  5999 | D:8      | Found a sand-covered staircase.
  6057 | Ossuary  | Entered an ossuary
  6327 | Ossuary  | Reached skill level 16 in Axes
  6464 | D:8      | Noticed Psyche
  6480 | D:8      | Killed Psyche
  6625 | D:8      | Noticed Maurice
  6648 | D:8      | Killed Maurice
  6648 | D:8      | Reached skill level 5 in Fighting
  6648 | D:8      | Reached XP level 10. HP: 76/81 MP: 10/10
  6982 | D:8      | Reached skill level 5 in Armour
  6982 | D:8      | Reached skill level 5 in Shields
  7026 | D:8      | Became a worshipper of Nemelex Xobeh the Trickster
  7279 | D:4      | Received a gift from Nemelex Xobeh
  7541 | D:4      | Found a shadowy altar of Dithmenos.
  7691 | D:4      | Found a staircase to the Ecumenical Temple.
  7752 | D:4      | Reached * piety under Nemelex Xobeh
  7785 | D:4      | Found an ancient bone altar of Kikubaaqudgha.
  8134 | D:9      | Found a staircase to the Lair.
  8927 | D:9      | Received a gift from Nemelex Xobeh
  9104 | D:9      | Found a radiant altar of Vehumet.
  9270 | D:10     | Entered Level 10 of the Dungeon
  9330 | D:10     | Reached skill level 1 in Invocations
  9330 | D:10     | Reached skill level 1 in Evocations
  9369 | D:10     | Killed an unseen horror
  9412 | D:10     | Noticed a two-headed ogre
  9413 | D:10     | Noticed Nergalle
  9429 | D:10     | Killed Nergalle
  9429 | D:10     | Reached XP level 11. HP: 66/93 MP: 12/14
  9431 | D:10     | Killed a two-headed ogre
  9726 | D:10     | Reached ** piety under Nemelex Xobeh
  9726 | D:10     | Received a gift from Nemelex Xobeh
  9776 | D:10     | Noticed Snorg
  9787 | D:10     | HP: 6/141 [Snorg (8)]
  9788 | D:10     | Slain by Snorg

Vault maps used:
D:1:      noname_arrival_rooms_in_the_neighbourhood, minivault_25,
          minmay_cut_off
D:2:      uniq_robin
D:3:      first_bread
D:4:      lemuel_coloured_pillars_altar, overflow_temple_1_default,
          minmay_temple_entry_butterflies
D:5:      nrook_mini_backslash
D:6:      eat_drink_and_be_merry_uskayaw, serial_shops, shop,
          minmay_guarded_unrand_vampires_tooth, uniq_pikel
D:7:      minmay_misc_feat_encased, the_bakery, minmay_misc_feat_nine_boxes
D:8:      old_standard_altar, nicolae_ru_the_path_less_chosen,
          gammafunk_temple_overflow_arena, nicolae_ossuary_entry_monument,
          uniq_maurice, uniq_psyche
D:9:      kennysheep_mini, david_lair_generic
D:10:     uniq_snorg, uniq_nergalle
Ossuary:  ossuary_tomb_1

Skill      XL: |  1  2  3  4  5  6  7  8  9 10 11 |
---------------+----------------------------------+-----
Axes           | 3 4 5 6 8 9 12 14 16 | 16.0
Fighting       | 5 7 8 |  8.1
Armour         | 4 7 |  7.3
Shields        | 4 6 |  6.0
Invocations    | 4 |  4.7
Evocations     | 2 3 |  3.4

Action                   |  1- 3 |  4- 6 |  7- 9 | 10-12 || total
-------------------------+-------+-------+-------+-------++-------
Melee: War axe           |   123 |   150 |   398 |   148 ||   819
       Battleaxe         |       |       |       |    79 ||    79
Evoke: Deck              |       |       |       |     2 ||     2
  Use: Potion            |       |     3 |       |     3 ||     6
       Scroll            |       |     1 |    14 |     4 ||    19
  Eat: Chunk             |     2 |     5 |     9 |    10 ||    26
       Bread ration      |       |       |     1 |       ||     1
Armor: Scale mail        |     7 |       |       |       ||     7
       Chain mail        |   110 |    81 |   167 |       ||   358
       Plate armour      |       |       |       |   132 ||   132
Dodge: Dodged            |    18 |    34 |    55 |    40 ||   147
Block: Shield            |    76 |    97 |   142 |    59 ||   374

Table legend:
 A = Spawn XP
 B = Non-spawn XP
 C = Spawn XP percentage of total XP
 D = Spawn monster count
 E = Non-spawn monster count
 F = Spawn count percentage of total count
 G = Total turns spent on level
                    A         B        C        D         E        F      G
               +---------+---------+-------+---------+---------+-------+---------
         Total |       0 |   11157 |   0.0 |       0 |     233 |   0.0 |  9788
               +---------+---------+-------+---------+---------+-------+---------
           D:1 |       0 |      10 |   0.0 |       0 |       7 |   0.0 |   818
           D:2 |       0 |      81 |   0.0 |       0 |      33 |   0.0 |  1132
           D:3 |       0 |      85 |   0.0 |       0 |      18 |   0.0 |   431
           D:4 |       0 |     134 |   0.0 |       0 |       6 |   0.0 |   867
           D:5 |       0 |     636 |   0.0 |       0 |      21 |   0.0 |  1191
           D:6 |       0 |     992 |   0.0 |       0 |      17 |   0.0 |  1203
           D:7 |       0 |     935 |   0.0 |       0 |      22 |   0.0 |  1096
           D:8 |       0 |    2151 |   0.0 |       0 |      22 |   0.0 |  1108
           D:9 |       0 |    1804 |   0.0 |       0 |      32 |   0.0 |  1148
          D:10 |       0 |    3750 |   0.0 |       0 |      16 |   0.0 |   518
       Ossuary |       0 |     579 |   0.0 |       0 |      39 |   0.0 |   276
               +---------+---------+-------+---------+---------+-------+---------
